 Dungeon Crawl Stone Soup version 0.27.0-1-g7a089689b8 (webtiles) character file.

Game seed: 10990194845487986288

1400 Shaidar the Chopper (level 8, -5/60 (67) HPs)
             Began as a Gnoll Berserker on Aug 10, 2021.
             Was a Priest of Trog.
             Slain by a wight (10 damage)
             ... on level 6 of the Dungeon.
             The game lasted 00:11:00 (5667 turns).

Shaidar the Chopper (Gnoll Berserker)               Turns: 5667, Time: 00:11:01

HP:   -5/60 (67)    AC: 17    Str: 19    XL:     8   Next: 69%
MP:   13/13         EV: 12    Int:  7    God:    Trog [***...]
Gold: 432           SH:  0    Dex: 11    Spells: 14/14 levels left

rFire    . . .     SeeInvis .   b - +2 morningstar (protect)
rCold    . . .     Faith    .   (no shield)
rNeg     . . .     Spirit   .   p - +0 ring mail
rPois    .         Reflect  .   d - +0 helmet
rElec    .         Harm     .   v - +0 cloak
rCorr    .         Rampage  .   (no gloves)
Will     .....                  e - +0 pair of boots
Stlth    ++........             (no amulet)
HPRegen  0.20/turn              l - +4 ring of slaying
MPRegen  0.13/turn              (no ring)

@: under a protective aura, heavily drained
A: fangs 1, strong nose, distributed training
a: Renounce Religion, Berserk, Trog's Hand


You were on level 6 of the Dungeon.
You worshipped Trog.
Trog was most pleased with you.
You visited 1 branch of the dungeon, and saw 6 of its levels.

You collected 432 gold pieces.

Inventory:

Hand Weapons
 a - the +3 dagger "Keel" {venom, rPois Str+3 Stlth+}
   (You found it on level 4 of the Dungeon)

   It poisons the flesh of those it strikes.
   Str:       It affects your strength (+3).
   rPois:     It protects you from poison.
   Stlth:     It makes you more stealthy.
 b - a +2 morningstar of protection (weapon)
   (You took it off an orc on level 3 of the Dungeon)
 m - a +0 morningstar
   (You found it on level 2 of the Dungeon)
 r - a +0 hand axe
Missiles
 k - 11 sling bullets
Armour
 d - a +0 helmet (worn)
   (You found it on level 1 of the Dungeon)
 e - a +0 pair of boots (worn)
   (You found it on level 1 of the Dungeon)
 p - a +0 ring mail (worn)
   (You took it off an orc on level 6 of the Dungeon)
 v - a +0 cloak (worn)
   (You took it off Crazy Yiuf on level 3 of the Dungeon)
Jewellery
 l - a +4 ring of slaying (left hand)
   (You found it on level 2 of the Dungeon)
 n - a ring of flight
   (You found it on level 6 of the Dungeon)
Wands
 t - a wand of flame (20)
   (You found it on level 6 of the Dungeon)
 u - a wand of paralysis (7)
   (You found it on level 5 of the Dungeon)
Scrolls
 f - 5 scrolls of enchant weapon {unknown}
 h - 8 scrolls of teleportation {unknown}
 j - a scroll of amnesia {unknown}
 o - a scroll of summoning {unknown}
 w - a scroll of noise {unknown}
 x - a scroll of silence {unknown}
 y - 2 scrolls of identify {unknown}
 z - a scroll of immolation {unknown}
Potions
 c - a potion of attraction {unknown}
 g - a potion of haste {unknown}
 i - 6 potions of curing {unknown}
 q - 4 potions of flight {unknown}
 s - a potion of heal wounds {unknown}
 A - a potion of cancellation {unknown}


   Skills:
 + Level 7.5 Fighting
 + Level 3.5 Short Blades
 + Level 3.5 Long Blades
 + Level 7.5 Axes
 + Level 3.5 Maces & Flails
 + Level 3.5 Polearms
 + Level 3.5 Staves
 + Level 3.5 Slings
 + Level 3.5 Bows
 + Level 3.5 Crossbows
 + Level 3.5 Throwing
 + Level 5.8 Armour
 + Level 5.8 Dodging
 + Level 3.5 Stealth
 + Level 3.5 Shields
 + Level 3.5 Unarmed Combat
 + Level 3.5 Spellcasting
 + Level 2.8 Conjurations
 + Level 2.8 Hexes
 + Level 2.8 Summonings
 + Level 2.8 Necromancy
 + Level 2.8 Translocations
 + Level 2.8 Transmutations
 + Level 2.8 Fire Magic
 + Level 2.8 Ice Magic
 + Level 2.8 Air Magic
 + Level 2.8 Earth Magic
 + Level 2.8 Poison Magic
 + Level 3.8 Invocations
 + Level 3.5 Evocations


You had 14 spell levels left.
You didn't know any spells.
Your spell library contained the following spells:

 Spells                   Type           Power      Damage    Failure   Level
 Passwall                 Tmut/Erth      4%         N/A       24%         2
 Swiftness                Air            5%         N/A       43%         3
 Airstrike                Air            2%         N/A       85%         4
 Summon Lightning Spire   Summ/Air       5%         N/A       85%         4
 Lightning Bolt           Conj/Air       2%         1d14      99%         5
 Invisibility             Hex            2%         N/A       100%        6


Dungeon Overview and Level Annotations

Branches:
Dungeon (6/15)             Temple (0/1) D:4

Altars:
Ashenzari
Cheibriados
Dithmenos
Elyvilon
Fedhas
Kikubaaqudgha
Makhleb
Ru
Sif Muna
Trog
Uskayaw
Yredelemnul
Zin


Innate Abilities, Weirdness & Mutations

You have very sharp teeth.
Your uncanny sense of smell can sniff out nearby items.
Your experience applies equally to all skills.


Message History

A wight comes into view.
It is wielding a +4 falchion of freezing.
Found 11 gold pieces.
A wight comes into view. It is wielding a +4 battleaxe.
The wight hits you with a +4 falchion of freezing.
The wight freezes you.
You hit the wight. The wight barely misses you.
You puncture the wight!
A wight comes into view. It is wielding a +0 battleaxe.
The wight hits you with a +4 falchion of freezing.
You feel drained. The wight freezes you.
You hit the wight. Your bite misses the wight.
The wight hits you with a +4 falchion of freezing.
You feel drained. The wight freezes you.
You barely miss the wight.
The wight hits you with a +4 falchion of freezing!
You feel drained. The wight freezes you.
You hit the wight.
You destroy the wight!
Trog accepts your kill.
You barely miss the wight. Your bite misses the wight.
You hit the wight but do no damage. The wight closely misses you.
You completely miss the wight. Your punch misses the wight.
The wight barely misses you.
You hit the wight. The wight hits you with a +4 battleaxe.
The +3 dagger "Keel" {venom, rPois Str+3 Stlth+} stops dripping with poison.
Your +2 morningstar of protection hums with potential!
b - a +2 morningstar of protection (weapon)
You barely miss the wight. The wight hits you but does no damage.
The wight hits you with a +4 battleaxe!
You completely miss the wight. You bite the wight.
The wight hits you with a +4 battleaxe!
* * * LOW HITPOINT WARNING * * *
You feel drained.
* * * LOW HITPOINT WARNING * * *
You barely miss the wight. Your punch misses the wight.
Your bite misses the wight. The wight hits you with a +4 battleaxe!
* * * LOW HITPOINT WARNING * * *
You hit the wight.
Your weapon exudes an aura of protection.
The wight hits you but does no damage. The wight misses you.
You barely miss the wight.
A wight comes into view. It is wielding a +0 falchion.
The wight hits you with a +4 battleaxe.
* * * LOW HITPOINT WARNING * * *
You feel drained.
You hit the wight but do no damage. You bite the wight, but do no damage.
The wight misses you.
Unknown command.
You hit the wight. The wight hits you with a +4 battleaxe!
You die... #### zz#

#z# ###@###
#.....########
#.#.#.........
.#$#.#...#####
..........#
######<..##
#.# ##.## #.#
#.# #.# #.#
#.#


You could see 3 wights.

Vanquished Creatures
  Prince Ribbit (D:5)
  Sigmund (D:5)
  An ice beast (D:6)
  A necrophage (D:4)
  An ogre (D:6)
  A phantom (D:4)
  A water moccasin zombie (D:5)
  A wight (D:6)
  A centaur zombie (D:6)
  2 hounds
  Crazy Yiuf (D:3)
  A gnoll shaman (D:5)
  Jessica (D:2)
  2 orc wizards
  3 iguanas
  Natasha (thrice) (D:3)
  A killer bee zombie (D:6)
  A hound skeleton (D:4)
  A howler monkey skeleton (D:4)
  4 adders
  6 gnolls
  An ufetubus (D:4)
  An adder skeleton (D:4)
  2 worms
  2 dart slugs
  12 orcs
  6 endoplasms
  3 giant cockroaches
  4 goblins
  8 hobgoblins
  5 jackals
  3 kobolds
  3 quokkas
  6 ball pythons
  6 bats
  3 frilled lizards
  4 rats
104 creatures vanquished.

Notes
Turn   | Place    | Note
-------+----------+-------------------------------------------
     0 | D:1      | Shaidar the Gnoll Berserker began the quest for the Orb.
     0 | D:1      | Reached XP level 1. HP: 23/23 MP: 1/1
   297 | D:1      | Reached XP level 2. HP: 23/29 MP: 2/2
   980 | D:1      | Reached XP level 3. HP: 35/35 MP: 3/3
  1167 | D:2      | Reached skill level 1 in Invocations
  1460 | D:2      | Noticed Jessica
  1468 | D:2      | Killed Jessica
  1469 | D:2      | Reached skill level 1 in Short Blades
  1469 | D:2      | Reached skill level 1 in Long Blades
  1469 | D:2      | Reached skill level 1 in Maces & Flails
  1469 | D:2      | Reached skill level 1 in Polearms
  1469 | D:2      | Reached skill level 1 in Staves
  1469 | D:2      | Reached skill level 1 in Slings
  1469 | D:2      | Reached skill level 1 in Bows
  1469 | D:2      | Reached skill level 1 in Crossbows
  1469 | D:2      | Reached skill level 1 in Throwing
  1469 | D:2      | Reached skill level 1 in Stealth
  1469 | D:2      | Reached skill level 1 in Shields
  1469 | D:2      | Reached skill level 1 in Unarmed Combat
  1469 | D:2      | Reached skill level 1 in Spellcasting
  1469 | D:2      | Reached skill level 1 in Evocations
  1469 | D:2      | Reached XP level 4. HP: 41/41 MP: 5/5
  1530 | D:2      | Reached ** piety under Trog
  1798 | D:2      | Reached skill level 1 in Conjurations
  1798 | D:2      | Reached skill level 1 in Hexes
  1798 | D:2      | Reached skill level 1 in Summonings
  1798 | D:2      | Reached skill level 1 in Necromancy
  1798 | D:2      | Reached skill level 1 in Translocations
  1798 | D:2      | Reached skill level 1 in Transmutations
  1798 | D:2      | Reached skill level 1 in Fire Magic
  1798 | D:2      | Reached skill level 1 in Ice Magic
  1798 | D:2      | Reached skill level 1 in Air Magic
  1798 | D:2      | Reached skill level 1 in Earth Magic
  1798 | D:2      | Reached skill level 1 in Poison Magic
  1801 | D:2      | Found a faded altar of an unknown god.
  1894 | D:3      | You fall into a shaft and drop 3 floors!
  1894 | D:6      | Found a shimmering blue altar of Sif Muna.
  1908 | D:6      | Reached XP level 5. HP: 47/47 MP: 5/7
  2072 | D:6      | Noticed an ogre
  2227 | D:6      | Killed an ogre
  2228 | D:6      | Reached XP level 6. HP: 47/53 MP: 8/8
  2307 | D:6      | Noticed an ice beast
  2315 | D:6      | Killed an ice beast
  2316 | D:6      | Reached skill level 5 in Armour
  2316 | D:6      | Reached skill level 5 in Dodging
  2469 | D:5      | Entered Level 5 of the Dungeon
  2505 | D:5      | Reached XP level 7. HP: 46/59 MP: 10/10
  2565 | D:5      | Noticed Prince Ribbit
  2804 | D:5      | Killed Prince Ribbit
  2959 | D:5      | Found a shadowy altar of Dithmenos.
  3045 | D:4      | Identified the +3 dagger "Keel" {venom, rPois Str+3 Stlth+}
  3059 | D:4      | Found a blossoming altar of Fedhas.
  3160 | D:4      | Found a staircase to the Ecumenical Temple.
  3194 | D:4      | Reached XP level 8. HP: 67/67 MP: 12/12
  3230 | D:4      | Found a sacrificial altar of Ru.
  3528 | D:3      | Found a runed translucent door.
  3529 | D:3      | Noticed Crazy Yiuf
  3831 | D:3      | Noticed Natasha
  3843 | D:3      | Killed Natasha
  3891 | D:3      | Noticed Natasha
  3898 | D:3      | Killed Natasha
  4071 | D:3      | Noticed Natasha
  4081 | D:3      | Killed Natasha
  4237 | D:3      | Killed Crazy Yiuf
  4912 | D:5      | Found a hide-covered altar of Uskayaw.
  4913 | D:5      | Found a basalt altar of Yredelemnul.
  4921 | D:5      | Found an ancient bone altar of Kikubaaqudgha.
  4922 | D:5      | Found a white marble altar of Elyvilon.
  4923 | D:5      | Found a broken altar of Ashenzari.
  4923 | D:5      | Found a snail-covered altar of Cheibriados.
  4923 | D:5      | Found a burning altar of Makhleb.
  4928 | D:5      | Found a glowing silver altar of Zin.
  4929 | D:5      | Found a bloodstained altar of Trog.
  5180 | D:5      | Noticed Sigmund
  5198 | D:5      | Killed Sigmund
  5655 | D:6      | Reached *** piety under Trog
  5667 | D:6      | Slain by a wight

Illustrated notes

Levels and vault maps discovered:
D:1:      dpeg_arrival_pits, layout_loops_corners, st_stairs_3
D:2:      layout_rooms, dreamdust_ecumenical_altar_angels_and_demons,
          chequers_serial_rivers_small_b, grunt_decor_resistance, uniq_jessica
D:3:      layout_loops_ring, dk_vineyard_3, uniq_crazy_yiuf_cottage,
          uniq_natasha
D:4:      layout_loops_cross, fedhas_altar_2, lemuel_crystal_altar,
          minmay_temple_entry_poolview
D:5:      layout_loops_cross, mainiacjoe_overflow_surrounded_room, minitemple,
          uniq_sigmund, uniq_prince_ribbit1
D:6:      layout_loops_corners, led_sif_book

Skill      XL: |  1  2  3  4  5  6  7  8 |
---------------+-------------------------+-----
Invocations    | 1 2 3 |  3.8
Short Blades   | 1 2 3 |  3.5
Long Blades    | 1 2 3 |  3.5
Maces & Flails | 1 2 3 |  3.5
Polearms       | 1 2 3 |  3.5
Staves         | 1 2 3 |  3.5
Slings         | 1 2 3 |  3.5
Bows           | 1 2 3 |  3.5
Crossbows      | 1 2 3 |  3.5
Throwing       | 1 2 3 |  3.5
Stealth        | 1 2 3 |  3.5
Shields        | 1 2 3 |  3.5
Unarmed Combat | 1 2 3 |  3.5
Spellcasting   | 1 2 3 |  3.5
Evocations     | 1 2 3 |  3.5
Conjurations   | 1 2 |  2.8
Hexes          | 1 2 |  2.8
Summonings     | 1 2 |  2.8
Necromancy     | 1 2 |  2.8
Translocations | 1 2 |  2.8
Transmutations | 1 2 |  2.8
Fire Magic     | 1 2 |  2.8
Ice Magic      | 1 2 |  2.8
Air Magic      | 1 2 |  2.8
Earth Magic    | 1 2 |  2.8
Poison Magic   | 1 2 |  2.8
Armour         | 5 |  5.8
Dodging        | 5 |  5.8
Fighting       | 7 |  7.5
Axes           | 7 |  7.5

Action                   |  1- 3 |  4- 6 |  7- 9 || total
-------------------------+-------+-------+-------++-------
Melee: Hand axe          |    74 |    20 |       ||    94
       Bite              |     5 |     6 |    21 ||    32
       Morningstar       |       |    46 |    30 ||    76
       Dagger            |       |       |   141 ||   141
       Punch             |       |       |     1 ||     1
Invok: Berserk           |     1 |     2 |     2 ||     5
       Trog's Hand       |       |     2 |     1 ||     3
 Stab: Sleeping          |     1 |     1 |     7 ||     9
Armor: Animal skin       |    24 |    14 |       ||    38
       Ring mail         |       |    12 |    45 ||    57
Dodge: Dodged            |    43 |    47 |    71 ||   161
